 Dungeon Crawl Stone Soup version 0.29.0-5-ge4962eb29e (webtiles) character file.

Game seed: 2560368105505386679

21 browni3141 the Ruffian (level 2, -15/29 HPs)
             Began as a Troll Cinder Acolyte on Aug 29, 2022.
             Was a High Priest of Ignis.
             Demolished by a gnoll
             ... wielding a +1 whip of electrocution
              (19 damage)
             ... on level 1 of the Dungeon.
             The game lasted 00:00:28 (245 turns).

browni3141 the Ruffian (Troll Cinder Acolyte)        Turns: 245, Time: 00:00:32

Health: -15/29     AC:  4    Str: 21    XL:     2   Next: 65%
Magic:  2/2        EV:  9    Int: 10    God:    Ignis [*****.]
Gold:   13         SH:  0    Dex:  5    Spells: 3/3 levels left

rFire   + . .      SeeInvis .     - Unarmed
rCold   . . .      Faith    .   (no shield)
rNeg    . . .      Spirit   .   a - +0 robe
rPois   .          Reflect  .   (helmet restricted)
rElec   .          Harm     .   (no cloak)
rCorr   .          Rampage  .   (gloves unavailable)
Will    .....                   (boots unavailable)
Stlth   +.........              (no amulet)
HPRegen 0.89/turn               (no ring)
MPRegen 0.08/turn               (no ring)

@: no status effects
A: large, unfitting armour, claws 3, regeneration 1, shaggy fur 1, tough skin 1
a: Renounce Religion, Fiery Armour, Foxfire Swarm, Rising Flame


You were on level 1 of the Dungeon.
You worshipped Ignis.
Ignis was extremely pleased with you.
You visited 1 branch of the dungeon, and saw 1 of its levels.

You collected 13 gold pieces.


Innate Abilities, Weirdness & Mutations

You are too large for most types of armour.
You have claws for hands.
Your natural rate of healing is unusually fast.
You are covered in fur. (AC +1)
You have tough skin. (AC +1)


   Skills:
 - Level 2.4 Fighting
 * Level 4.0 Unarmed Combat
 - Level 1.0 Spellcasting
 - Level 2.1 Fire Magic


You had 3 spell levels left.
You didn't know any spells.
Your spell library contained the following spells:

 Spells                   Type           Power      Damage    Failure   Level
 Scorch                   Fire           8%         2d5       22%         2

Inventory:

Armour
 a - a +0 robe (worn)
Scrolls
 c - a scroll of fog {unknown}
 d - a scroll of teleportation {unknown}
 e - a scroll of immolation {unknown}
 f - a scroll of summoning {unknown}
Potions
 b - a potion of curing {unknown}

Dungeon Overview and Level Annotations

Branches:
Dungeon (1/15)

Altars:

##### ######..S###
#...?...g@.# #########
..?PP.P..#.# #...†...#
.PP.PrPP)#.# #.#####.#
.P.....P.#.# #.#####.###
.P.P.P.P.#.###.#......[#
.P....PP.#.....#.......#
..P..PP..#.#####.......#
..PPPPP..#.# ###.......#
#.......##.##........####


You could see a gnoll, a quokka and a ball python.


Message History

The goblin barely misses you.
You scratch the goblin. Your claw misses the goblin.
The goblin is heavily wounded.
The goblin closely misses you.
You claw the goblin!
You kill the goblin!
A quokka comes into view.
You claw the gnoll!
The gnoll is heavily wounded.
The gnoll hits you with a +1 whip of electrocution!
You barely miss the gnoll.
The gnoll is heavily wounded.
The gnoll hits you but does no damage.
You barely miss the gnoll.
The gnoll is heavily wounded.
The gnoll hits you with a +1 whip of electrocution.
You are electrocuted!
* * * LOW HITPOINT WARNING * * *
You are too injured to fight recklessly!
You are too injured to fight recklessly!
The gnoll attacks as you move away!
The gnoll hits you with a +1 whip of electrocution.
* * * LOW HITPOINT WARNING * * *
The ball python attacks as you move away!
The ball python barely misses you. The gnoll attacks as you move away!
The gnoll hits you with a +1 whip of electrocution!
* * * LOW HITPOINT WARNING * * *
You are electrocuted!!
Ouch! That really hurt!
You die...

Skill      XL: |  1  2 |
---------------+-------+-----
Unarmed Combat | 4 |  4.0
Fighting       | |  2.4
Spellcasting   | |  1.0
Fire Magic     | |  2.1

Action                   || total
-------------------------++-------
Melee: Unarmed           ||    38
       Punch             ||     1
Armor: Robe              ||    16
Dodge: Dodged            ||    26

Levels and vault maps discovered:
D:1:      scummos_arrival_checkerplants, layout_basic,
          hellmonk_ecumenical_altar_crossroads, nicolae_grassy_gnolls

Notes
Turn   | Place    | Note
-------+----------+-------------------------------------------
     0 | D:1      | browni3141 the Troll Cinder Acolyte began the quest for the
                  | Orb.
     0 | D:1      | Reached XP level 1. HP: 22/22 MP: 1/1
    78 | D:1      | Reached XP level 2. HP: 29/29 MP: 2/2
   217 | D:1      | Reached skill level 4 in Unarmed Combat
   245 | D:1      | Demolished by a gnoll

Vanquished Creatures
  A dart slug (D:1)
  An endoplasm (D:1)
  3 goblins (D:1)
  2 hobgoblins (D:1)
  4 jackals (D:1)
  A kobold (D:1)
  A quokka (D:1)
  A ball python (D:1)
  2 frilled lizards (D:1)
16 creatures vanquished.

Table legend: (Time is in decaauts)
 A = Elapsed time spent in this place.
 B = Non-inter-level travel time spent in this place.
 C = Inter-level travel time spent in this place.
 D = Time resting spent in this place.
 E = Time spent auto-exploring this place.
 F = Levels seen in this place.
 G = Mean time per level.
                   A        B        C        D        E       F      G
               +--------+--------+--------+--------+--------+-----+--------+
         Total |    242 |    242 |      0 |      0 |    148 |   1 |  242.0 |
       Dungeon |    242 |    242 |      0 |      0 |    148 |   1 |  242.0 |
               +--------+--------+--------+--------+--------+-----+--------+

Top non-repeatable levels by time:
     D:1: 242 daAuts

Table legend:
 A = Non-vault XP
 B = Vault XP
 C = Vault XP percentage of total XP
 D = Non-vault monster count
 E = Vault monster count
 F = Vault count percentage of total count
                 A         B        C        D         E       F
            +---------+---------+-------+---------+---------+-------
      Total |      31 |       0 |   0.0 |      16 |       0 |   0.0
            +---------+---------+-------+---------+---------+-------
        D:1 |      31 |       0 |   0.0 |      16 |       0 |   0.0
            +---------+---------+-------+---------+---------+-------
